 Dungeon Crawl Stone Soup version 0.22-a0-443-g17c3723 (webtiles) character file.

18165 emperorscorpion the Eclecticist (level 12, -4/55 HPs)
             Began as a Deep Elf Fire Elementalist on June 1, 2018.
             Was the Champion of Ru.
             Slain by a very large slime creature (59 damage)
             ... on level 12 of the Dungeon.
             The game lasted 00:41:29 (15702 turns).

emperorscorpion the Eclecticist (DEFE)             Turns: 15702, Time: 00:41:32

Health: -4/55      AC:  6    Str:  7    XL:     12   Next: 25%
Magic:  30/48      EV: 15    Int: 32    God:    Ru [******]
Gold:   701        SH:  0    Dex: 19    Spells: 23/41 levels left

rFire    . . .     SeeInvis +   a - staff of power
rCold    . . .     Gourm    .   (no shield)
rNeg     . . .     Faith    .   Z - +4 robe of Augmentation {Str+4 Int+4 Dex+4}
rPois    +         Spirit   .   (helmet restricted)
rElec    .         Reflect  .   S - +1 cloak
rCorr    .         Harm     .   F - +0 pair of gloves
MR       +....                  s - +0 pair of boots
Stlth    +++.......             v - amulet of regeneration
HPRegen  0.58/turn              x - ring of poison resistance
MPRegen  0.31/turn              C - ring of see invisible

@: no status effects
A: horns 1, clever 1, frail 1, screaming 1, weak 1, inability to read while
threatened, reduced AC 1
a: Draw Out Power, Power Leap, Apocalypse, Renounce Religion


You were on level 12 of the Dungeon.
You worshipped Ru.
Ru was exalted by your worship.
You were near starving.

You visited 1 branch of the dungeon, and saw 13 of its levels.

You collected 701 gold pieces.

Inventory:

Hand Weapons
 b - the +9 rapier of Poofiozy {flame, rN+ Str-2 Dex+4 Stlth+}
   (You found it on level 7 of the Dungeon)

   It has been specially enchanted to burn those struck by it, causing extra
   injury to most foes and up to half again as much damage against particularly
   susceptible opponents.
   It affects your strength (-2).
   It affects your dexterity (+4).
   It protects you from negative energy.
   It makes you more stealthy.
 I - a +1 blowgun
 K - a +3 rapier of flaming
 T - a +0 shortbow of velocity
 Y - the +3 battleaxe "Tormentor" {holy, rF+, unknown}
   (You took it off an orc on level 8 of the Dungeon)

   It has been blessed by the Shining One to cause great damage to the undead
   and demons.
   It protects you from fire.
Missiles
 w - 2 needles of confusion
 Q - 5 javelins (quivered)
 R - 4 curare-tipped needles
 W - 5 poisoned needles
Armour
 f - the +0 helmet of Kikubaaqudgha's Esteem {MP-9 Str+5, unknown}
   (You found it on level 8 of the Dungeon)

   It affects your strength (+5).
   It affects your magic capacity (-9).
 s - a +0 pair of boots (worn)
 F - a +0 pair of gloves (worn)
 S - a +1 cloak (worn)
 X - a +0 troll leather armour
 Z - the +4 robe of Augmentation (worn) {Str+4 Int+4 Dex+4}
   (You took it off an orc on level 8 of the Dungeon)

   It affects your strength (+4).
   It affects your intelligence (+4).
   It affects your dexterity (+4).
Magical Staves
 a - an uncursed staff of power (weapon)
 e - an uncursed staff of conjuration
 P - an uncursed staff of wizardry
Jewellery
 j - a +2 ring of dexterity
 n - an uncursed ring of protection from cold
 v - an amulet of regeneration (around neck)
 x - a ring of poison resistance (left hand)
 A - an uncursed amulet of the acrobat
 C - a ring of see invisible (right hand)
 M - an uncursed ring of resist corrosion
Wands
 q - a wand of paralysis (1)
 u - a wand of random effects (20)
 B - a wand of polymorph (21)
 E - a wand of disintegration (28)
 G - a wand of iceblast (10)
 J - a wand of digging (29)
 O - a wand of enslavement (15)
Scrolls
 g - 4 scrolls of remove curse
 h - 6 scrolls of teleportation
 k - a scroll of enchant weapon
 p - 4 scrolls of fog
 D - 4 scrolls of amnesia
 N - 3 scrolls of magic mapping
 V - 3 scrolls of immolation
Potions
 d - 8 potions of curing
 i - 5 potions of heal wounds
 l - 2 potions of might
 o - a potion of agility
 r - a potion of haste
 y - 2 potions of flight
 z - 4 potions of lignification
 H - a potion of invisibility {unknown}
 U - 2 potions of magic
Miscellaneous
 m - a phantom mirror
Comestibles
 c - 29 rations


   Skills:
 + Level 2.0 Fighting
 + Level 1.2 Short Blades
 + Level 1.1 Throwing
 * Level 4.6 Armour
 + Level 4.3 Dodging
 + Level 5.8 Stealth
 * Level 15.4 Spellcasting
 + Level 10.6 Conjurations
 + Level 11.0 Fire Magic
 + Level 1.2 Air Magic
 + Level 1.5 Evocations


You had 23 spell levels left.
You knew the following spells:

 Your Spells              Type           Power        Failure   Level  Hunger
a - Flame Tongue          Conj/Fire      #####        1%          1    None
b - Sticky Flame          Conj/Fire      #######.     1%          4    None
c - Fireball              Conj/Fire      #######...   1%          5    None
d - Lightning Bolt        Conj/Air       ######....   4%          5    None
r - Regeneration          Chrm/Necr      ###.......   5%          3    None

Your spell library contained the following spells:

 Spells                   Type           Power        Failure   Level  Hunger
 Apportation              Tloc           ###...       1%          1    None
 Conjure Flame            Conj/Fire      #######.     1%          3    None
 Bolt of Cold             Conj/Ice       ######....   30%         6    ##.....
 Throw Flame              Conj/Fire      ######       1%          2    None
 Summon Small Mammal      Summ           ###.         1%          1    None
 Pain                     Necr           ###.         1%          1    None
 Animate Skeleton         Necr           N/A          1%          1    None
 Summon Ice Beast         Ice/Summ       ###.....     17%         4    None
 Shock                    Conj/Air       ####         1%          1    None
 Swiftness                Chrm/Air       ####....     1%          2    None
 Recall                   Summ/Tloc      N/A          5%          3    None
 Ice Form                 Ice/Tmut       ###.....     17%         4    None
 Airstrike                Air            ####......   11%         4    None
 Confusing Touch          Hex            ###...       1%          1    None
 Call Canine Familiar     Summ           ###.....     5%          3    None
 Summon Butterflies       Summ           ###.....     1%          1    None
 Silence                  Hex/Air        ####......   36%         5    None
 Static Discharge         Conj/Air       ######..     1%          3    None
 Tornado                  Air            ####......   100%        9    #######
 Summon Hydra             Summ           ###.......   100%        7    #####..
 Shroud of Golubria       Chrm/Tloc      ###.......   2%          2    None
 Inner Flame              Hex/Fire       ######..     1%          3    None
 Infusion                 Chrm           ###.         1%          1    None
 Song of Slaying          Chrm           ###.....     2%          2    None
 Spectral Weapon          Hex/Chrm       ###.....     5%          3    None
 Summon Mana Viper        Hex/Summ       ###.....     43%         5    None
 Lesser Beckoning         Tloc           ###.......   5%          3    None


Dungeon Overview and Level Annotations

Branches:
Dungeon (13/15)            Temple (0/1) D:6            Lair (0/6) D:9
    Orc (0/2) D:11
 Vaults: D:13-14

Altars:
Elyvilon
Fedhas
Gozag
Makhleb
Ru
Sif Muna
The Shining One

Shops:
D:11 (   D:12 [


Innate Abilities, Weirdness & Mutations

You are frail. (-10% HP)
You occasionally shout uncontrollably at your foes.
You cannot read scrolls while threatened.
You take slightly more damage. (AC -5)
You have a pair of small horns on your head.
Your mind is acute. (Int +2)
You are weak. (Str -2)


Message History

The very large slime creature burns!
There is a stone staircase leading up here.
The very large slime creature burns!
The very large slime creature stops burning.
The efreet begins to attack, but is stunned by your will!
The very large slime creature is stunned by your will and fails to attack.
You climb upwards.
There is a stone staircase leading down here.
Casting: Lightning Bolt (safe; 4% risk of failure)
Confirm with . or Enter, or press ? or * to list all spells.
Aiming: Lightning Bolt (safe; 4% risk of failure)
Press: ? - help, Shift-Dir - straight line You hear a mighty clap of thunder!
The bolt of lightning hits the very large slime creature.
The very large slime creature is almost dead.
The bolt of lightning hits the very large slime creature.
The very large slime creature is almost dead.
The very large slime creature hits you!!!
Ouch! That really hurt!
You die...

#.# #......#####......#'#.# #..
#(# #(.....#.......#..#.#.###..
#.# #......#.###...#..#.#......
#.# #......#.# #...#..#)###....
#.# #......#.###...#..#.# #....
#.###......#.>.#...#....# #....
#..........###.#...##.#####....
#######'#### #J#..........+....
#...# #@#..##...####.... ###.#
#.#.......####.... #.#
#.#..............> #.#
#.#..##.#.#######. #.#
#.#.....#.# #. #.# #.........#
#. #.# ####.###### ##
#.#######.# #.........#


You could see a very large slime creature.

Vanquished Creatures
  A death knight (D:13)
  2 two-headed ogres
  2 unseen horrors
  A manticore (D:11)
  2 cyclopes
  Joseph (D:7)
  3 centaur skeletons (D:12)
  2 gargoyles (D:10)
  2 kobold demonologists (D:12)
  2 trolls
  A hornet (D:9)
  Grinder (D:6)
  Prince Ribbit (D:9)
  2 hippogriffs (D:9)
  Sigmund (D:5)
  A shadow (D:11)
  16 yaks
  A basilisk (D:11)
  A steam dragon (D:11)
  The ghost of tilp the Chiller, an amateur MfIE (D:3)
  A water moccasin (D:11)
  Duvessa (D:6)
  A black bear (D:8)
  4 orc warriors
  2 sky beasts
  5 ice beasts
  3 phantoms
  8 ogres
  A centaur (D:7)
  2 crocodiles (D:8)
  2 big kobolds (D:12)
  9 bullfrogs
  A wyvern skeleton (D:6)
  6 scorpions
  Dowan (D:6)
  14 killer bees
  16 wights
  4 bullfrog zombies
  4 howler monkeys
  3 crimson imps
  4 centaur zombies
  6 hounds
  6 orc priests
  A quasit (D:10)
  Crazy Yiuf (D:7)
  7 jellies
  18 orc wizards
  A bullfrog skeleton (D:4)
  An iguana (D:4)
  9 worker ants
  A killer bee zombie (D:8)
  A howler monkey zombie (D:11)
  A worker ant zombie (D:7)
  10 gnolls
  A howler monkey skeleton (D:8)
  11 adders
  A shadow imp (D:11)
  An ooze (D:3)
  A worm (D:4)
  2 dart slugs
  8 leopard geckos
  33 orcs
  3 ball pythons
  4 giant cockroaches
  5 hobgoblins
  11 jackals
  2 quokkas
  12 bats
  3 frilled lizards
  6 goblins
  9 kobolds (D:12)
  6 rats
  A bush (D:7)
  4 fungi (D:7)
323 creatures vanquished.

Vanquished Creatures (others)
  A two-headed ogre (D:8)
  An orc (D:10)
2 creatures vanquished.

Grand Total: 325 creatures vanquished

Notes
Turn   | Place    | Note
-------+----------+-------------------------------------------
     0 | D:1      | emperorscorpion the Deep Elf Fire Elementalist began the quest for the Orb.
     0 | D:1      | Reached XP level 1. HP: 10/10 MP: 6/6
   213 | D:1      | Reached XP level 2. HP: 15/15 MP: 5/8
  1046 | D:2      | Reached XP level 3. HP: 16/19 MP: 6/10
  1266 | D:2      | Found an opulent altar of Gozag.
  1823 | D:3      | Noticed tilp's ghost (amateur MfIE)
  2227 | D:3      | Reached skill level 4 in Spellcasting
  2227 | D:3      | Reached XP level 4. HP: 24/24 MP: 9/12
  2306 | D:3      | Found a burning altar of Makhleb.
  2460 | D:2      | Learned a level 4 spell: Sticky Flame
  2662 | D:3      | Found a faded altar of an unknown god.
  2684 | D:3      | Became a worshipper of Ru the Awakened
  2685 | D:3      | Gained mutation: You cannot read scrolls while threatened. [Ru sacrifice]
  2685 | D:3      | Reached * piety under Ru
  2941 | D:4      | Reached XP level 5. HP: 13/28 MP: 4/13
  2948 | D:4      | Learned a level 5 spell: Fireball
  3173 | D:4      | Found a blossoming altar of Fedhas.
  3272 | D:3      | Reached skill level 1 in Fighting
  3405 | D:3      | HP: 1/29 [tilp's ghost (2)]
  3410 | D:3      | Killed tilp's ghost
  3410 | D:3      | Reached skill level 5 in Spellcasting
  3410 | D:3      | Reached skill level 5 in Fire Magic
  3410 | D:3      | Reached XP level 6. HP: 3/34 MP: 6/16
  3526 | D:4      | Reached skill level 1 in Evocations
  3699 | D:4      | Reached XP level 7. HP: 38/38 MP: 9/17
  4102 | D:5      | Entered Level 5 of the Dungeon
  4259 | D:5      | Reached skill level 5 in Stealth
  4259 | D:5      | Reached skill level 6 in Spellcasting
  4389 | D:5      | Found a glowing golden altar of the Shining One.
  4906 | D:5      | Noticed Sigmund
  4910 | D:5      | Killed Sigmund
  4910 | D:5      | Reached skill level 7 in Spellcasting
  4910 | D:5      | Reached XP level 8. HP: 43/43 MP: 3/20
  5094 | D:5      | Found a sacrificial altar of Ru.
  5645 | D:6      | Noticed Grinder
  5647 | D:6      | Paralysed by Grinder for 5 turns
  5656 | D:6      | Killed Grinder
  5656 | D:6      | Reached skill level 5 in Conjurations
  5657 | D:6      | Gained mutation: You take slightly more damage. (AC -5) [Ru sacrifice]
  5657 | D:6      | Reached ** piety under Ru
  5657 | D:6      | Reached *** piety under Ru
  5830 | D:6      | Reached skill level 8 in Spellcasting
  6004 | D:6      | Found a staircase to the Ecumenical Temple.
  6145 | D:6      | Noticed Duvessa
  6148 | D:6      | Killed Dowan
  6152 | D:6      | Killed Duvessa
  6540 | D:6      | Reached XP level 9. HP: 29/47 MP: 15/23
  7067 | D:7      | Found an opulent altar of Gozag.
  7318 | D:7      | Reached skill level 9 in Spellcasting
  7332 | D:7      | Noticed Joseph
  7401 | D:7      | Killed Joseph
  7401 | D:7      | Reached skill level 1 in Throwing
  7608 | D:7      | Identified the +9 rapier of Poofiozy {flame, rN+ Str-2 Dex+4 Stlth+} (You found it on level 7 of the Dungeon)
  7934 | D:7      | Found a runed door.
  7941 | D:7      | Noticed Crazy Yiuf
  7942 | D:7      | Killed Crazy Yiuf
  8048 | D:7      | Found a white marble altar of Elyvilon.
  8261 | D:8      | Reached skill level 10 in Spellcasting
  8271 | D:8      | Noticed a cyclops
  8275 | D:8      | Killed a cyclops
  8478 | D:8      | Gained mutation: You are weak. (Str -2) [potion of mutation]
  8478 | D:8      | Gained mutation: You have a pair of small horns on your head. [potion of mutation]
  8478 | D:8      | Gained mutation: Your mind is acute. (Int +2) [potion of mutation]
  8754 | D:8      | Noticed a troll
  8761 | D:8      | Killed a troll
  8761 | D:8      | Reached XP level 10. HP: 52/52 MP: 26/26
  8874 | D:8      | Noticed a two-headed ogre
  8877 | D:8      | Killed a two-headed ogre
  8877 | D:8      | Reached skill level 11 in Spellcasting
  8878 | D:8      | Got a shimmering battleaxe {holy}
  9107 | D:8      | Gained mutation: You are frail. (-10% HP) [Ru sacrifice]
  9107 | D:8      | Reached **** piety under Ru
  9107 | D:8      | Reached ***** piety under Ru
  9303 | D:8      | Reached skill level 1 in Armour
  9486 | D:8      | Identified the Disquisition on the Compass and Lightness
  9544 | D:8      | Identified the Tome of Stolen Souls and the Snowflakes
  9547 | D:8      | Got a scorched helmet
  9555 | D:8      | Learned a level 3 spell: Regeneration
  9561 | D:8      | Learned a level 5 spell: Lightning Bolt
  9888 | D:8      | Found a deep blue altar of Sif Muna.
 10184 | D:9      | Found a staircase to the Lair.
 10238 | D:9      | Noticed a two-headed ogre
 10242 | D:9      | Killed a two-headed ogre
 10242 | D:9      | Reached skill level 12 in Spellcasting
 10403 | D:9      | Noticed Prince Ribbit
 10703 | D:9      | Killed Prince Ribbit
 10858 | D:9      | Reached XP level 11. HP: 51/51 MP: 29/29
 10868 | D:9      | Gained mutation: You occasionally shout uncontrollably at your foes. [Ru sacrifice]
 10868 | D:9      | Reached ****** piety under Ru
 11052 | D:10     | Entered Level 10 of the Dungeon
 11345 | D:10     | Reached skill level 13 in Spellcasting
 11611 | D:10     | Reached skill level 10 in Fire Magic
 11911 | D:10     | Noticed a two-headed ogre
 11916 | D:10     | Killed a two-headed ogre
 12319 | D:10     | Reached skill level 14 in Spellcasting
 12714 | D:11     | Noticed an unseen horror
 12716 | D:11     | Reached skill level 10 in Conjurations
 12720 | D:11     | Killed an unseen horror
 12728 | D:11     | Reached skill level 1 in Short Blades
 13015 | D:11     | Found a staircase to the Orcish Mines.
 13177 | D:11     | Found Qaubataj's Weapon Shop.
 14472 | D:12     | Reached skill level 15 in Spellcasting
 14472 | D:12     | Reached XP level 12. HP: 55/55 MP: 33/33
 14516 | D:12     | Reached skill level 1 in Air Magic
 14970 | D:12     | Found Qudo's Armour Shoppe.
 15576 | D:13     | Noticed a death knight
 15577 | D:13     | Noticed a tengu warrior
 15581 | D:13     | Killed a death knight
 15702 | D:12     | Slain by a very large slime creature

Vault maps used:
D:1:      lightli_molten_gateway
D:2:      nicolae_gozag_seed_capital, minmay_misc_feat_doors,
          kennysheep_cross_room
D:3:      marbit_many_paths, chequers_ecumenical_altar_twisty
D:4:      fedhas_altar_3
D:5:      lemuel_coloured_pillars_altar, overflow_temple_1_default,
          first_ration, minivault_23, uniq_sigmund
D:6:      minmay_temple_entry_statues_fountains, uniq_grinder, uniq_duvessa
D:7:      kennysheep_mini, basic_altar, uniq_joseph, uniq_crazy_yiuf_cottage
D:8:      minmay_the_grid_octo_tiled_squarecenter,
          nicolae_overflow_hidden_temple
D:9:      lair_entry_dummy, uniq_prince_ribbit1
D:11:     orc_0_dummy, serial_shops, shop
D:12:     serial_shops, nicolae_shop_stone
D:13:     david_vaults_5, serial_curves, eino_curves_03, eino_curves_04,
          eino_curves_04

Skill      XL: |  1  2  3  4  5  6  7  8  9 10 11 12 |
---------------+-------------------------------------+-----
Fire Magic     | 4 5 6 7 9 10 11 | 11.0
Spellcasting   | 4 5 7 8 10 12 15 | 15.4
Stealth        | 3 5 |  5.8
Conjurations   | 2 3 4 5 8 9 10 | 10.6
Fighting       | 1 2 |  2.0
Evocations     | 1 |  1.5
Dodging        | 3 4 |  4.3
Throwing       | 1 |  1.1
Armour         | 2 4 |  4.6
Short Blades   | 1 |  1.2
Air Magic      | 1 |  1.2

Action                   |  1- 3 |  4- 6 |  7- 9 | 10-12 || total
-------------------------+-------+-------+-------+-------++-------
Melee: Dagger            |     3 |     2 |     1 |       ||     6
       Staff             |       |     1 |       |       ||     1
       Rapier            |       |       |       |    12 ||    12
       Headbutt          |       |       |       |     3 ||     3
Throw: Stone             |       |       |     4 |       ||     4
 Cast: Flame Tongue      |    63 |    46 |    94 |    53 ||   256
       Fireball          |       |    10 |    68 |   160 ||   238
       Sticky Flame      |       |     1 |    16 |    21 ||    38
       Lightning Bolt    |       |       |       |    14 ||    14
Invok: Sacrifice Words   |       |     1 |       |       ||     1
       Sacrifice Health  |       |       |     1 |     1 ||     2
       Sacrifice Purity  |       |       |       |     1 ||     1
Evoke: Wand              |       |     7 |     2 |       ||     9
  Use: Scroll            |     4 |       |    14 |     7 ||    25
       Potion            |       |       |     1 |       ||     1
 Stab: Sleeping          |     1 |       |       |       ||     1
       Paralysed         |       |     2 |     1 |       ||     3
  Eat: Chunk             |     4 |     7 |    29 |    15 ||    55
       Ration            |       |       |     1 |     2 ||     3
Armor: Robe              |     8 |     1 |     1 |     9 ||    19
       Troll leather arm |       |       |       |     1 ||     1
Dodge: Dodged            |    19 |     6 |    21 |    51 ||    97

Table legend:
 A = Spawn XP
 B = Non-spawn XP
 C = Spawn XP percentage of total XP
 D = Spawn monster count
 E = Non-spawn monster count
 F = Spawn count percentage of total count
 G = Total turns spent on level
                    A         B        C        D         E        F      G
               +---------+---------+-------+---------+---------+-------+---------
         Total |       0 |   25951 |   0.0 |       0 |     319 |   0.0 | 15702
               +---------+---------+-------+---------+---------+-------+---------
           D:1 |       0 |      27 |   0.0 |       0 |      17 |   0.0 |  1007
           D:2 |       0 |      52 |   0.0 |       0 |      10 |   0.0 |   872
           D:3 |       0 |     319 |   0.0 |       0 |      28 |   0.0 |  1328
           D:4 |       0 |     532 |   0.0 |       0 |      21 |   0.0 |   895
           D:5 |       0 |     688 |   0.0 |       0 |      15 |   0.0 |  1249
           D:6 |       0 |    1304 |   0.0 |       0 |      27 |   0.0 |  1642
           D:7 |       0 |    1226 |   0.0 |       0 |      24 |   0.0 |  1332
           D:8 |       0 |    3460 |   0.0 |       0 |      40 |   0.0 |  1641
           D:9 |       0 |    3465 |   0.0 |       0 |      20 |   0.0 |  1113
          D:10 |       0 |    5481 |   0.0 |       0 |      46 |   0.0 |  1531
          D:11 |       0 |    4361 |   0.0 |       0 |      43 |   0.0 |  1554
          D:12 |       0 |    3987 |   0.0 |       0 |      26 |   0.0 |  1484
          D:13 |       0 |    1049 |   0.0 |       0 |       2 |   0.0 |    54
               +---------+---------+-------+---------+---------+-------+---------
